 Dungeon Crawl Stone Soup version 0.28-a0-1212-gc6b4282bc0 (webtiles) character file.

Game seed: 4767609646219972000

247 ChaosChampion the Skirmisher (level 6, 0/63 HPs)
             Began as an Ogre Warper on Dec 21, 2021.
             Slain by a scorpion (6 damage)
             ... on level 4 of the Dungeon.
             The game lasted 00:05:37 (3070 turns).

ChaosChampion the Skirmisher (Ogre Warper)          Turns: 3070, Time: 00:05:37

Health: 0/63       AC: 16    Str: 18    XL:     6   Next: 11%
Magic:  0/12       EV:  7    Int: 14    God:
Gold:   51         SH:  0    Dex:  8    Spells: 11/13 levels left

rFire   + + .      SeeInvis .   a - +0 mace
rCold   x . .      Faith    .   (no shield)
rNeg    . . .      Spirit   .   q - +0 fire dragon scales
rPois   .          Reflect  .   (helmet restricted)
rElec   .          Harm     .   n - +2 cloak
rCorr   +          Rampage  .   (gloves unavailable)
Will    .....                   (boots unavailable)
Stlth   ..........              (no amulet)
HPRegen 0.20/turn               e - +4 ring of protection
MPRegen 0.13/turn               f - ring of resist corrosion

@: very slightly contaminated
A: large, unfitting armour, tough skin 1
a: no special abilities


You were on level 4 of the Dungeon.
You visited 1 branch of the dungeon, and saw 4 of its levels.

You collected 51 gold pieces.

Inventory:

Hand Weapons
 a - a +0 mace (weapon)
 r - a +4 demon blade of venom
Missiles
 d - 5 boomerangs of dispersal (quivered)
Armour
 b - a +0 robe
 n - a +2 cloak (worn)
 q - +0 fire dragon scales (worn)
Jewellery
 e - a +4 ring of protection (left hand)
 f - a ring of resist corrosion (right hand)
Scrolls
 c - 2 scrolls of blinking
 g - 2 scrolls of magic mapping {unknown}
 h - 5 scrolls of identify {unknown}
 j - a scroll of noise {unknown}
 p - a scroll of immolation {unknown}
Potions
 i - 3 potions of heal wounds {unknown}
 k - 2 potions of mutation {unknown}
 l - a potion of haste {unknown}
 m - a potion of lignification {unknown}
 o - 2 potions of curing {unknown}


   Skills:
 + Level 4.7 Fighting
 + Level 3.1 Maces & Flails
 - Level 1.0 Throwing
 - Level 2.1 Dodging
 + Level 4.0 Spellcasting
 + Level 3.7 Translocations


You had 11 spell levels left.
You knew the following spells:

 Your Spells              Type           Power      Damage    Failure   Level
z - Blink                 Tloc           26%        N/A       26%         2

Your spell library contained the following spells:

 Spells                   Type           Power      Damage    Failure   Level
 Gell's Gravitas          Tloc           13%        N/A       47%         3
 Lesser Beckoning         Tloc           13%        N/A       47%         3
 Teleport Other           Tloc           13%        N/A       47%         3
 Beastly Appendage        Tmut           4%         N/A       63%         1
 Passwall                 Tmut/Erth      1%         N/A       77%         2
 Wereblood                Tmut           2%         N/A       77%         2
 Spider Form              Tmut/Pois      2%         N/A       94%         3
 Swiftness                Air            2%         N/A       94%         3
 Manifold Assault         Tloc           13%        N/A       99%         5


Dungeon Overview and Level Annotations

Branches:
Dungeon (4/15)
 Temple: D:4-7

Altars:

Shops:
D:2 (


Innate Abilities, Weirdness & Mutations

You are too large for most types of armour.
You have tough skin. (AC +1)


Message History

You barely miss the goblin. The goblin hits you but does no damage.
You hit the goblin.
You kill the goblin!
The scorpion closely misses you.
Casting: Blink (dangerous; 26% risk of failure)
Confirm with . or Enter, or press ? or * to list all spells.
You blink.
The scorpion barely misses you.
The scorpion stings you but does no damage.
The scorpion stings you.
You are poisoned.
The scorpion poisons you!
You feel stable enough to blink again.
You feel sick.
You feel sick.
You feel sick.
You feel sick. The scorpion barely misses you.
You feel sick.
Casting: Blink (dangerous; 26% risk of failure)
Confirm with . or Enter, or press ? or * to list all spells.
You miscast Blink.
You are very lightly contaminated with residual magic.
Nothing appears to happen.
You feel sick. The scorpion stings you.
* * * LOW HITPOINT WARNING * * *
The scorpion stings you but does no damage.
Casting: Blink (dangerous; 26% risk of failure)
Confirm with . or Enter, or press ? or * to list all spells.
You miscast Blink.
Nothing appears to happen.
You feel sick.
The scorpion stings you but does no damage.
The scorpion misses you.
You feel sick.
You are no longer poisoned.
The scorpion stings you but does no damage.
The scorpion stings you.
* * * LOW HITPOINT WARNING * * *
Casting: Blink (dangerous; 26% risk of failure)
Confirm with . or Enter, or press ? or * to list all spells.
You miscast Blink.
Nothing appears to happen.
The scorpion stings you but does no damage.
The scorpion stings you.
You die...

##.....###
..###.....##
.........##
####...## #..#####
##.....###
##.......####
#.ss........##
#.@...)......#
##............##
#..............#
#.....?........##
#..........(....#
#...............##
#/...............#
#####
##...............#
##....
#..............##


You could see 2 scorpions.

Vanquished Creatures
  A water moccasin (D:3)
  A hound (D:2)
  3 adders
  2 worms (D:3)
  3 dart slugs
  2 orcs (D:3)
  5 bats
  6 endoplasms
  2 giant cockroaches
  5 hobgoblins
  8 jackals
  3 kobolds
  6 quokkas
  6 ball pythons
  2 frilled lizards (D:3)
  8 goblins
  4 rats
67 creatures vanquished.

Notes
Turn   | Place    | Note
-------+----------+-------------------------------------------
     0 | D:1      | ChaosChampion the Ogre Warper began the quest for the Orb.
     0 | D:1      | Reached XP level 1. HP: 22/22 MP: 3/3
   191 | D:1      | Reached XP level 2. HP: 28/29 MP: 5/5
   414 | D:1      | Found a faded altar of an unknown god.
  1003 | D:2      | Reached XP level 3. HP: 36/37 MP: 7/7
  1217 | D:2      | Found Marycv Romu's Weapon Emporium.
  1932 | D:3      | Learned a level 2 spell: Blink
  1938 | D:3      | Noticed a water moccasin
  1959 | D:3      | Killed a water moccasin
  1960 | D:3      | Reached XP level 4. HP: 14/48 MP: 7/9
  1960 | D:3      | Reached XP level 5. HP: 16/54 MP: 7/10
  2664 | D:3      | Reached XP level 6. HP: 58/63 MP: 11/11
  3070 | D:4      | Slain by a scorpion

Illustrated notes

Levels and vault maps discovered:
D:1:      lightli_arrival_statuegarden, layout_basic,
          shapermc_ecumenical_altar_ellora, minmay_fountain_box,
          minmay_pentomino_r2
D:2:      layout_basic, serial_shops, shop
D:3:      minmay_octagon_keep, layout_rooms, serial_corexii_hall,
          corexii_hall_statues_i, chequers_hall_statues_corner_a, st_stairs_6
D:4:      layout_cave_pods, minmay_temple_entry_steel_oval, minmay_manual_mess,
          uniq_grinder

Skill      XL: |  1  2  3  4  5  6 |
---------------+-------------------+-----
Fighting       | 3 4 |  4.7
Maces & Flails | 2 3 |  3.1
Translocations | 3 |  3.7
Spellcasting   | 3 4 |  4.0
Throwing       | |  1.0
Dodging        | |  2.1

Action                   |  1- 3 |  4- 6 || total
-------------------------+-------+-------++-------
Melee: Mace              |   151 |   138 ||   289
 Cast: Blink             |       |     7 ||     7
Armor: Robe              |    96 |       ||    96
       Fire dragon scale |    11 |   158 ||   169
       Skin              |     1 |       ||     1
Dodge: Dodged            |    99 |    98 ||   197

Table legend: (Time is in decaauts)
 A = Elapsed time spent in this place.
 B = Non-inter-level travel time spent in this place.
 C = Inter-level travel time spent in this place.
 D = Time resting spent in this place.
 E = Time spent auto-exploring this place.
 F = Levels seen in this place.
 G = Mean time per level.
                   A        B        C        D        E       F      G
               +--------+--------+--------+--------+--------+-----+--------+
         Total |   3149 |   2951 |    198 |    232 |   2005 |   4 |  787.2 |
       Dungeon |   3149 |   2951 |    198 |    232 |   2005 |   4 |  787.2 |
               +--------+--------+--------+--------+--------+-----+--------+

Top non-repeatable levels by time:
     D:2: 1365 daAuts
     D:1: 895 daAuts
     D:3: 767 daAuts
     D:4: 121 daAuts
